 Dungeon Crawl Stone Soup version 0.21.1 (webtiles) character file.

1001 letownia2 the Fighter (level 8, 31/71 HPs)
             Began as a Formicid Artificer on Feb 2, 2018.
             Was an Initiate of Gozag.
             Quit the game on level 10 of the Dungeon.
             The game lasted 00:12:30 (5139 turns).

letownia2 the Fighter (Formicid Artificer)          Turns: 5139, Time: 00:12:31

Health: 31/71      AC: 11    Str: 16    XL:     8   Next: 43%
Magic:  10/10      EV: 10    Int: 14    God:    Gozag
Gold:   524        SH:  0    Dex: 11    Spells: 7/7 levels left

rFire    . . .     SeeInvis +   a - +0 short sword
rCold    . . .     Gourm    .   (no shield)
rNeg     . . .     Faith    .   p - +2 scale mail {rPois}
rPois    +         Spirit   +   (helmet unavailable)
rElec    .         Reflect  .   (no cloak)
rCorr    +         Harm     .   s - +1 pair of gloves
MR       +....                  (no boots)
Stlth    ..........             y - amulet of guardian spirit
HPRegen  0.21/turn              q - ring of resist corrosion
MPRegen  0.12/turn              D - ring of protection from magic

@: gold aura
A: permanent stasis, dig shafts and tunnels, four strong arms, antennae 3
a: Dig, Shaft Self, Potion Petition, Call Merchant, Bribe Branch, Renounce
Religion


You were on level 10 of the Dungeon.
You worshipped Gozag.
Gozag was pleased with you.
You were not hungry.

You visited 2 branches of the dungeon, and saw 9 of its levels.

You collected 588 gold pieces.
You paid 64 gold pieces to Gozag.

Inventory:

Hand Weapons
 a - a +0 short sword (weapon)
Missiles
 n - 77 bolts
 r - a throwing net (quivered)
 C - 2 javelins
Armour
 p - a +2 scale mail of poison resistance (worn)
 s - a +1 pair of gloves (worn)
 x - a cursed +0 scale mail
Jewellery
 q - a ring of resist corrosion (left hand)
 u - an uncursed ring of poison resistance
 y - an amulet of guardian spirit (around neck)
 D - a ring of protection from magic (right hand)
Wands
 c - a wand of flame (3)
 d - a wand of enslavement (15)
Scrolls
 b - 3 scrolls of random uselessness {unknown}
 h - a scroll of enchant weapon {unknown}
 i - 4 scrolls of teleportation {unknown}
 k - 2 scrolls of magic mapping {unknown}
 l - 9 scrolls of remove curse {unknown}
 t - 3 scrolls of identify {unknown}
 v - 2 scrolls of blinking {unknown}
 A - a scroll of fear {unknown}
Potions
 g - a potion of haste {unknown}
 j - a potion of might {unknown}
 m - a potion of invisibility {unknown}
 o - 3 potions of curing {unknown}
 w - a potion of agility {unknown}
 z - a potion of lignification {unknown}
 B - a potion of flight {unknown}
Books
 E - a book of Minor Magic

   Spells                             Type                      Level
   a - Magic Dart                     Conjuration                  1
   b - Blink                          Translocation                2
   c - Call Imp                       Summoning                    2
   d - Slow                           Hexes                        2
   e - Conjure Flame                  Conjuration/Fire             3
   f - Mephitic Cloud                 Conjuration/Poison/Air       3
Comestibles
 f - 2 rations


   Skills:
 + Level 9.1 Fighting
 - Level 1.0 Short Blades
 - Level 4.3 Armour
 - Level 1.7 Dodging
 - Level 1.2 Stealth
 - Level 3.2 Evocations


You had 7 spell levels left.
You didn't know any spells.

Dungeon Overview and Level Annotations

Branches:
Dungeon (7/15)             Temple (1/1) D:5

Altars:
Ashenzari
Cheibriados
Dithmenos
Fedhas
Gozag
Hepliaklqana
Kikubaaqudgha
Makhleb
Nemelex Xobeh
Okawaru
Qazlal
Ru
Trog
Uskayaw
Vehumet
Wu Jian
Xom
Zin
The Shining One

Shops:
D:4 [   D:6 !

Annotations:
D:5 hpc's ghost, novice MiFi
D:6 Dowan; Duvessa


Innate Abilities, Weirdness & Mutations

You cannot be hasted, slowed, berserked, paralysed or teleported.
You can dig through walls and to a lower floor.
Your four strong arms can wield two-handed weapons with a shield.
You have a pair of large antennae on your head. (SInv)


Message History

The quokka is severely wounded.
The quokka bites you but does no damage.
You puncture the quokka!
You kill the quokka!
Found 12 stones.
You now have 524 gold pieces (gained 8).
A jackal comes into view.
The jackal barks!
You hear a bark! x2
A jackal comes into view.
A jackal comes into view.
You see here 12 stones.
The jackal bites you but does no damage.
The jackal barely misses you. The jackal closely misses you.
Are you sure you want to abandon this character and quit the game? (Confirm with "yes".)
Okay, then.
You currently need 800 gold to open negotiations with a merchant.
Put on which piece of jewellery? (? for menu, Esc to quit)
Okay, then.
Are you sure you want to abandon this character and quit the game? (Confirm with "yes".)

... #.# ..# #.#
###.# ...#
###.############
#@hh...........#
#h#.##########.#
......# #.#
#.##.....# #.# #
......## #.#
#####.## #.# #.#
#.# $ #.# #.#
#.#


You could see 3 jackals.

Vanquished Creatures
  Sigmund (D:3)
  A phantom (D:5)
  A centaur (D:5)
  A water moccasin zombie (D:6)
  A scorpion (D:4)
  An orc priest (D:4)
  A gnoll shaman (D:4)
  3 hounds
  2 orc wizards
  3 worker ants
  4 iguanas
  A worker ant zombie (D:5)
  4 gnolls (D:4)
  4 adders
  An ooze (D:4)
  3 dart slugs
  A leopard gecko (D:7)
  7 orcs
  9 bats
  9 giant cockroaches
  8 hobgoblins
  10 jackals
  5 kobolds
  8 quokkas
  2 ball pythons
  2 frilled lizards
  3 goblins
  A leopard gecko skeleton (D:4)
  A leopard gecko zombie (D:5)
  A quokka skeleton (D:5)
  8 rats
107 creatures vanquished.

Notes
Turn   | Place    | Note
-------+----------+-------------------------------------------
     0 | D:1      | letownia2 the Formicid Artificer began the quest for the Orb.
     0 | D:1      | Reached XP level 1. HP: 15/15 MP: 3/3
    24 | D:1      | Reached skill level 2 in Fighting
    24 | D:1      | Reached XP level 2. HP: 20/22 MP: 4/4
   417 | D:3      | Noticed Sigmund
   427 | D:3      | Killed Sigmund
   427 | D:3      | Reached skill level 5 in Fighting
   427 | D:3      | Reached XP level 3. HP: 34/34 MP: 5/5
   427 | D:3      | Reached XP level 4. HP: 40/40 MP: 6/6
   427 | D:3      | Reached XP level 5. HP: 46/46 MP: 7/7
   463 | D:4      | Reached skill level 6 in Fighting
   463 | D:4      | Reached XP level 6. HP: 18/52 MP: 8/8
   780 | D:4      | Reached skill level 1 in Armour
   987 | D:3      | Found a faded altar of an unknown god.
   987 | D:3      | Found a sacrificial altar of Ru.
   996 | D:3      | Found a hazy altar of Hepliaklqana.
   998 | D:3      | Found a stormy altar of Qazlal.
   999 | D:3      | Found an iron altar of Okawaru.
  1303 | D:4      | Found Moikig's Antique Armour Shoppe.
  1507 | D:4      | Reached XP level 7. HP: 32/58 MP: 9/9
  2193 | D:5      | Entered Level 5 of the Dungeon
  2350 | D:5      | Found a staircase to the Ecumenical Temple.
  2398 | Temple   | Entered the Ecumenical Temple
  2446 | Temple   | Became a worshipper of Gozag Ym Sagoz the Greedy
  2765 | D:3      | Reached skill level 7 in Fighting
  3950 | D:2      | Found a bloodstained altar of Trog.
  4166 | D:5      | Noticed hpc's ghost (novice MiFi)
  4421 | D:6      | Reached XP level 8. HP: 54/68 MP: 7/10
  4440 | D:6      | Reached skill level 8 in Fighting
  4525 | D:6      | Found Juetiu's Distillery.
  4609 | D:6      | Found a shattered altar of Ashenzari.
  4657 | D:6      | Found an ancient bone altar of Kikubaaqudgha.
  4814 | D:6      | Found a burning altar of Makhleb.
  4814 | D:6      | Found a shimmering altar of Xom.
  4994 | D:6      | Noticed Dowan
  4997 | D:6      | Noticed Duvessa
  5100 | D:7      | Reached skill level 9 in Fighting
  5119 | D:7      | You fall through a shaft for 3 floors!
  5119 | D:10     | Entered Level 10 of the Dungeon
  5139 | D:10     | Quit the game

Skill      XL: |  1  2  3  4  5  6  7  8 |
---------------+-------------------------+-----
Fighting       | 2 5 6 7 9 |  9.1
Armour         | 3 4 |  4.3
Short Blades   | |  1.0
Dodging        | |  1.7
Stealth        | |  1.2
Evocations     | |  3.2

Action                   |  1- 3 |  4- 6 |  7- 9 || total
-------------------------+-------+-------+-------++-------
Melee: Short sword       |    55 |   152 |   596 ||   803
 Abil: Dig               |       |     1 |     3 ||     4
Evoke: Wand              |     2 |     8 |    17 ||    27
 Stab: Sleeping          |     2 |       |       ||     2
       Distracted        |       |       |     1 ||     1
  Eat: Chunk             |       |     2 |     4 ||     6
       Ration            |       |       |     3 ||     3
Armor: Leather armour    |    20 |     6 |       ||    26
       Scale mail        |       |    51 |   317 ||   368
Dodge: Dodged            |    35 |    87 |   329 ||   451
